 Dungeon Crawl Stone Soup version 0.28.0 (webtiles) character file.

Game seed: 522591242716693630

1834 AmazingTV the Covered (level 8, -3/73 HPs)
             Began as a Minotaur Fighter on July 5, 2022.
             Was a Believer of Okawaru.
             Slain by a two-headed ogre (11 damage)
             ... on level 8 of the Dungeon.
             The game lasted 00:16:05 (8148 turns).

AmazingTV the Covered (Minotaur Fighter)            Turns: 8148, Time: 00:16:06

Health: -3/73      AC: 13    Str: 29    XL:     8   Next: 87%
Magic:  9/9        EV:  9    Int:  5    God:    Okawaru [**....]
Gold:   285        SH:  5    Dex: 10    Spells: 7/7 levels left

rFire   . . .      SeeInvis .   a - +1 mace (venom) {mace}
rCold   . . .      Faith    .   c - +0 buckler
rNeg    . . .      Spirit   .   r - +0 scale mail
rPois   .          Reflect  .   (helmet restricted)
rElec   .          Harm     .   t - +0 cloak
rCorr   .          Rampage  .   p - +0 pair of gloves
Will    .....                   N - +2 pair of boots
Stlth   ..........              (no amulet)
HPRegen 0.22/turn               L - +6 ring of strength
MPRegen 0.11/turn               (no ring)

@: no status effects
A: horns 2, retaliatory headbutt
a: Renounce Religion, Heroism


You were on level 8 of the Dungeon.
You worshipped Okawaru.
Okawaru was pleased with you.
You visited 2 branches of the dungeon, and saw 9 of its levels.

You collected 285 gold pieces.


Innate Abilities, Weirdness & Mutations

You have a pair of horns on your head.
You reflexively headbutt those who attack you in melee.


   Skills:
 + Level 7.0 Fighting
 + Level 4.6(6.2) Axes
 + Level 6.4(7.1) Maces & Flails
 + Level 7.0 Armour
 + Level 7.0 Shields
 + Level 3.7 Invocations


You had 7 spell levels left.
You didn't know any spells.
Your spell library contained the following spells:

 Spells                   Type           Power      Damage    Failure   Level
 Ensorcelled Hibernation  Hex/Ice        0%         N/A       89%         2
 Gell's Gravitas          Tloc           0%         N/A       98%         3
 Lesser Beckoning         Tloc           0%         N/A       98%         3
 Spider Form              Tmut/Pois      0%         N/A       98%         3
 Teleport Other           Tloc           0%         N/A       98%         3
 Anguish                  Hex/Necr       0%         N/A       100%        4
 Hailstorm                Conj/Ice       0%         3d3       100%        4
 Ice Form                 Ice/Tmut       0%         N/A       100%        4
 Simulacrum               Ice/Necr       Unusable   N/A       N/A         6

Inventory:

Hand Weapons
 a - a +1 mace of venom (weapon) {mace}
   (You took it off an orc on level 3 of the Dungeon)
 b - a +0 mace {mace}
   (You took it off an orc on level 3 of the Dungeon)
 i - a +0 dagger of electrocution {short}
   (You took it off a goblin on level 1 of the Dungeon)
 u - a +0 flail {mace}
 E - a +0 shortbow {bow}
   (You took it off a centaur on level 4 of the Dungeon)
Missiles
 e - 88 sling bullets
 k - 148 stones (quivered)
 l - 70 arrows
 v - 3 boomerangs
 x - 53 bolts
 B - 9 poisoned darts
 K - 2 throwing nets {=f!f}
Armour
 c - a +0 buckler (worn)
 n - a +1 robe of fire resistance
   (You found it on level 2 of the Dungeon)
 p - a +0 pair of gloves (worn)
   (You found it on level 3 of the Dungeon)
 r - a +0 scale mail (worn)
 t - a +0 cloak (worn)
   (You found it on level 3 of the Dungeon)
 D - the +2 robe of Demons {rC+++}
   (You found it on level 4 of the Dungeon)

   rC:        It renders you almost immune to cold.
 I - the +1 robe of the Stallion {Str+2 Slay+2}
   (You found it on level 7 of the Dungeon)

   Str:       It affects your strength (+2).
   Slay:      It affects your accuracy & damage with ranged weapons and melee
   (+2).
 N - a +2 pair of boots (worn)
   (You found it on level 7 of the Dungeon)
Jewellery
 L - a +6 ring of strength (left hand)
   (You took it off a hobgoblin on level 7 of the Dungeon)
Wands
 y - a wand of acid (5)
   (You found it on level 4 of the Dungeon)
 C - a wand of flame (21)
   (You found it on level 4 of the Dungeon)
 H - a wand of paralysis (13)
   (You found it on level 6 of the Dungeon)
Scrolls
 f - 2 scrolls of teleportation {unknown}
 g - 7 scrolls of identify {unknown}
 q - a scroll of vulnerability {unknown}
 F - a scroll of enchant weapon {unknown}
 G - 2 scrolls of noise {!r}
 O - a scroll of silence {unknown}
Potions
 d - 2 potions of might
 h - 3 potions of brilliance {unknown}
 m - 3 potions of curing {unknown}
 o - a potion of flight {unknown}
 s - 2 potions of attraction {unknown}
 w - 3 potions of heal wounds {unknown}
 z - 2 potions of ambrosia {unknown}
 A - a potion of degeneration {unknown}
 M - a potion of magic {unknown}

Dungeon Overview and Level Annotations

Branches:
Dungeon (8/15)             Temple (1/1) D:7
   Lair: D:8-11

Altars:
Ashenzari
Cheibriados
Dithmenos
Elyvilon
Fedhas
Gozag
Hepliaklqana
Kikubaaqudgha
Makhleb
Nemelex Xobeh
Okawaru
Qazlal
Ru
Sif Muna
Trog
Uskayaw
Vehumet
Wu Jian
Xom
Yredelemnul
Zin
The Shining One
Beogh

###############.
#.....ZO@Y.YYY.Y
#.##############
#.# #.# .
#.########
....##.........
..........#####
........#.#
...<.####.#


You could see a two-headed ogre (inner flame), 5 yaks and a centaur zombie
(inner flame).


Message History

The arrow hits you. 😮 HP[-3]
You take 3 damage, and now have 40/70 hp. 😮 HP[+1]
The centaur shoots an arrow.
The arrow hits you!
* * * LOW HITPOINT WARNING * * *
😨 HP[-7]
You take 7 damage, and now have 34/70 hp.
The centaur shoots an arrow.
You block the arrow.
You closely miss the hound. The hound closely misses you.
The centaur shoots an arrow.
The arrow hits you but does no damage. The hound closely misses you. 😨 HP[+1]
You barely miss the hound.
The kobold shouts!
The hound closely misses you. You furiously retaliate!
You headbutt the hound.
The kobold unwields a +0 dagger.
The kobold wields a +0 hand crossbow.
The kobold shoots a bolt.
The bolt hits you but does no damage. The wight closely misses you.
The hound bites you.
* * * LOW HITPOINT WARNING * * *
😨 HP[-2]
You take 2 damage, and now have 33/70 hp.
The hound barely misses you. You furiously retaliate!
You headbutt the hound!
The centaur shoots an arrow.
You block the arrow. 😨 HP[+1]
The hound bites you but does no damage.
The centaur shoots an arrow.
You block the arrow. The hound bites you but does no damage.
There is a stone staircase leading down here. 😨 HP[+1]
The hound bites you but does no damage. The hound closely misses you.
You climb downwards.
Reactivating autopickup.
The two-headed ogre shouts in stereo!
There is a stone staircase leading up here.
You sock the hound!
You kill the hound!
Okawaru accepts your kill.
Your life force feels restored.
Your Fighting skill increases to level 7! 😨 HP[+1]
You now have 73 max hp (+3). 😮 HP[+1] 😮 HP[+1] 😮 HP[+1]
You gain the combat prowess of a mighty hero. 😮 MP[-2]
You lost 2 mp, and now have 7/9 mp.
You hit the two-headed ogre.
The two-headed ogre is poisoned.
Your headbutt misses the two-headed ogre.
The two-headed ogre hits you with a +0 giant spiked club!!
* * * LOW HITPOINT WARNING * * *
The two-headed ogre hits you with a +0 giant spiked club!
* * * LOW HITPOINT WARNING * * *
😱 HP[-35]
You take 35 damage, and now have 4/73 hp.
MASSIVE DAMAGE!! (PAUSE) 😱 HP[+1]
A centaur zombie comes into view.
Found an escape hatch in the ceiling. 😱 HP[+1] 😱 MP[+1]
The centaur zombie hits you.
* * * LOW HITPOINT WARNING * * *
The centaur zombie barely misses you. 😱 HP[-1]
You take 1 damage, and now have 5/73 hp. 😱 HP[+1]
The centaur zombie closely misses you. You furiously retaliate!
You headbutt the centaur zombie, but do no damage.
You block the centaur zombie's attack.
You feel like a meek peon again.
A yak comes into view.
The yak bellows!
You hear a bellow! 😱 HP[+1]
A yak comes into view.
The yak bellows!
You block the centaur zombie's attack. The centaur zombie barely misses you.
The yak moves out of view.
A yak comes into view. 😱 MP[+1]
Your mp is fully restored (9).
A yak comes into view.
As you read the scroll labelled BUILET LOVO, it crumbles to dust.
You hear a loud clanging noise!
It was a scroll of noise.
The yak bellows!
The two-headed ogre looks more healthy.
A yak comes into view.
As you read the scroll labelled SAZ PIMEAWAZE, it crumbles to dust.
It is a scroll of enchant armour.
Your +1 pair of boots glows green for a moment.
The yak bellows!
The yak gores you but does no damage. 😱 HP[+1]
As you read the scroll labelled VUMAATZEOQ, it crumbles to dust.
The creatures around you are filled with an inner flame!
It was a scroll of immolation.
The yak gores you but does no damage.
The two-headed ogre hits you with a +0 giant spiked club!
You die...

Skill      XL: |  1  2  3  4  5  6  7  8 |
---------------+-------------------------+-----
Fighting       | 4 5 6 7 |  7.0
Shields        | 4 5 6 7 |  7.0
Armour         | 4 5 6 7 |  7.0
Maces & Flails | 3 4 5 6 |  6.4
Axes           | 2 3 4 |  4.6
Invocations    | 1 2 3 |  3.7

Action                   |  1- 3 |  4- 6 |  7- 9 || total
-------------------------+-------+-------+-------++-------
Melee: Flail             |   108 |    62 |       ||   170
       Headbutt          |    11 |    23 |    40 ||    74
       Mace              |       |    69 |   191 ||   260
Invok: Heroism           |       |       |     1 ||     1
  Use: Scroll            |       |       |     3 ||     3
Armor: Scale mail        |    64 |    67 |   124 ||   255
Dodge: Dodged            |    49 |    67 |   118 ||   234
Block: Buckler           |    23 |    41 |    81 ||   145

Levels and vault maps discovered:
D:1:      minmay_arrival_four_circles, layout_basic, serial_bayou_lake_a
D:2:      layout_basic, nicolae_ecumenical_lake_church, fountainhead,
          minmay_cut_off
D:3:      layout_loops_ring, biasface_ghost_orc_armoury
D:4:      layout_cave_pods, mainiacjoe_overflow_surrounded_room
D:5:      layout_cave_pools
D:6:      layout_basic, columned_hall_lemuel
D:7:      kennysheep_housing_project, layout_cave_pools,
          minmay_temple_entry_slanted, grunt_decor_junction
D:8:      layout_loops_ring, uniq_maurice
Temple:   grunt_wide_crystal_templ

Notes
Turn   | Place    | Note
-------+----------+-------------------------------------------
     0 | D:1      | AmazingTV the Minotaur Fighter began the quest for the Orb.
     0 | D:1      | Reached XP level 1. HP: 19/19 MP: 0/0
     0 | D:1      | magus.rc [v1.9.6]
    68 | D:1      | Reached XP level 2. HP: 15/27 MP: 1/1
   327 | D:1      | Reached skill level 4 in Fighting
   327 | D:1      | Reached skill level 4 in Shields
   466 | D:1      | Reached skill level 4 in Armour
   723 | D:1      | Reached XP level 3. HP: 33/33 MP: 2/2
   727 | D:1      | Reached skill level 3 in Maces & Flails
  1191 | D:2      | You pick up a book of Displacement and begin reading...
  1191 | D:2      | You add the spells Lesser Beckoning, Gell's Gravitas and
                  | Teleport Other to your library.
  1274 | D:2      | You pick up a book of Dreams and begin reading...
  1274 | D:2      | You add the spells Ensorcelled Hibernation, Spider Form and
                  | Anguish to your library.
  1285 | D:2      | Found a faded altar of an unknown god.
  1565 | D:2      | Reached XP level 4. HP: 23/40 MP: 3/3
  2495 | D:3      | Found a runed translucent gate.
  2496 | D:3      | Found a runed translucent gate.
  2496 | D:3      | Found a runed translucent gate.
  2497 | D:3      | Noticed Zim's ghost (weakling MiFi)
  2501 | D:3      | Identified the +9 dagger of Evil {vorpal, Fly rC+ rCorr
                  | Dex+4}
  2636 | D:3      | Killed Zim's ghost
  2637 | D:3      | Reached skill level 4 in Maces & Flails
  2637 | D:3      | Reached XP level 5. HP: 35/47 MP: 4/4
  3192 | D:4      | Reached skill level 5 in Shields
  3528 | D:4      | Reached skill level 5 in Fighting
  3528 | D:4      | Reached skill level 5 in Armour
  3537 | D:4      | Reached XP level 6. HP: 39/56 MP: 5/5
  3674 | D:4      | Reached skill level 1 in Axes
  3816 | D:4      | Reached skill level 1 in Invocations
  3923 | D:4      | Identified the +2 robe of Demons {rC+++}
  4126 | D:4      | Found an iron altar of Okawaru.
  4134 | D:4      | Became a worshipper of Warmaster Okawaru
  4213 | D:4      | Reached skill level 2 in Axes
  4463 | D:5      | Entered Level 5 of the Dungeon
  4489 | D:5      | Reached XP level 7. HP: 61/61 MP: 7/7
  4606 | D:5      | Reached skill level 5 in Maces & Flails
  5027 | D:5      | Reached skill level 2 in Invocations
  5417 | D:6      | Reached skill level 3 in Axes
  5417 | D:6      | Reached skill level 6 in Armour
  5417 | D:6      | Reached skill level 6 in Shields
  5439 | D:6      | Reached * piety under Okawaru
  5440 | D:6      | Reached skill level 6 in Fighting
  5794 | D:6      | Reached XP level 8. HP: 43/70 MP: 8/8
  6316 | D:7      | Reached skill level 3 in Invocations
  6465 | D:7      | Identified the +1 robe of the Stallion {Str+2 Slay+2}
  6808 | D:7      | Reached skill level 4 in Axes
  6812 | D:7      | Reached skill level 6 in Maces & Flails
  7453 | D:7      | You pick up a book of the Tundra and begin reading...
  7453 | D:7      | You add the spells Hailstorm and Ice Form to your library.
  7489 | D:7      | Found a staircase to the Ecumenical Temple.
  7537 | D:7      | HP: 16/71 [gnoll sergeant (9)]
  7560 | Temple   | Entered the Ecumenical Temple
  8063 | D:7      | Reached skill level 7 in Armour
  8063 | D:7      | Reached skill level 7 in Shields
  8112 | D:8      | Noticed a two-headed ogre
  8113 | D:8      | Reached ** piety under Okawaru
  8114 | D:8      | Reached skill level 7 in Fighting
  8128 | D:8      | HP: 18/73 [two-headed ogre (21)]
  8128 | D:8      | HP: 4/73 [two-headed ogre (14)]
  8136 | D:8      | HP: 5/73 [centaur zombie (1)]
  8148 | D:8      | Slain by a two-headed ogre

Vanquished Creatures
  2 orc warriors (D:7)
  A sky beast (D:6)
  2 black bears
  A necrophage (D:6)
  A centaur (D:4)
  A kobold brigand (D:6)
  A bullfrog (D:6)
  A gnoll sergeant (D:7)
  A wyvern skeleton (D:7)
  The ghost of Zim the Skirmisher, a weakling MiFi (D:3)
  2 bullfrog zombies
  A centaur zombie (D:7)
  3 jellies
  5 hounds
  3 gnoll shamans
  3 iguanas
  15 gnolls
  3 howler monkey skeletons
  8 adders
  A white imp (D:6)
  2 ufetubi
  2 adder skeletons (D:4)
  4 worms
  4 dart slugs
  24 orcs
  6 ball pythons
  An endoplasm (D:1)
  7 giant cockroaches
  11 goblins
  13 hobgoblins
  7 jackals
  9 quokkas
  6 bats
  2 frilled lizards
  13 kobolds
  2 rats (D:2)
169 creatures vanquished.

Vanquished Creatures (others)
  34 plants (D:7)
34 creatures vanquished.

Grand Total: 203 creatures vanquished

Table legend:
 A = Non-vault XP
 B = Vault XP
 C = Vault XP percentage of total XP
 D = Non-vault monster count
 E = Vault monster count
 F = Vault count percentage of total count
                 A         B        C        D         E       F
            +---------+---------+-------+---------+---------+-------
      Total |    2353 |     268 |  10.2 |     147 |      22 |  13.0
            +---------+---------+-------+---------+---------+-------
        D:1 |      46 |       0 |   0.0 |      22 |       0 |   0.0
        D:2 |      51 |       8 |  13.6 |      20 |       5 |  20.0
        D:3 |      88 |      85 |  49.1 |      18 |       7 |  28.0
        D:4 |     432 |       0 |   0.0 |      28 |       0 |   0.0
        D:5 |     411 |       0 |   0.0 |      15 |       0 |   0.0
        D:6 |     564 |       0 |   0.0 |      16 |       0 |   0.0
        D:7 |     761 |      98 |  11.4 |      28 |       8 |  22.2
        D:8 |       0 |      40 | 100.0 |       0 |       1 | 100.0
     Temple |       0 |      37 | 100.0 |       0 |       1 | 100.0
            +---------+---------+-------+---------+---------+-------

Illustrated notes

Table legend:
 A = Kills in this place as a percentage of kills in entire the game.
 B = Kills by you in this place as a percentage of kills by you in the entire game.
 C = Kills by friends in this place as a percentage of kills by friends in the entire game.
 D = Other kills in this place as a percentage of other kills in the entire game.
 E = Experience gained in this place as a percentage of experience gained in the entire game.
 F = Experience gained in this place divided by the number of levels of this place that you have seen.
                   A       B       C       D       E      F
               +-------+-------+-------+-------+-------+----------------------
         Total | 100.0 | 100.0 |   N/A |   N/A | 100.0 | 291.2
       Dungeon |  99.4 |  99.4 |   N/A |   N/A |  98.6 | 323.0
        Temple |   0.6 |   0.6 |   N/A |   N/A |   1.4 |  37.0
               +-------+-------+-------+-------+-------+----------------------

Table legend: (Time is in decaauts)
 A = Elapsed time spent in this place.
 B = Non-inter-level travel time spent in this place.
 C = Inter-level travel time spent in this place.
 D = Time resting spent in this place.
 E = Time spent auto-exploring this place.
 F = Levels seen in this place.
 G = Mean time per level.
                   A        B        C        D        E       F      G
               +--------+--------+--------+--------+--------+-----+--------+
         Total |   8265 |   7782 |    483 |   1895 |   4502 |   9 |  918.3 |
       Dungeon |   7805 |   7322 |    483 |   1543 |   4419 |   8 |  975.6 |
        Temple |    460 |    460 |      0 |    352 |     83 |   1 |  460.0 |
               +--------+--------+--------+--------+--------+-----+--------+

Top non-repeatable levels by time:
     D:4: 1478 daAuts
     D:6: 1366 daAuts
     D:2: 1140 daAuts
     D:3: 1128 daAuts
     D:1: 959 daAuts
     D:7: 924 daAuts
     D:5: 771 daAuts
  Temple: 460 daAuts
     D:8: 35 daAuts
